 Dungeon Crawl Stone Soup version 0.26.0-16-gc1dbca0489 (webtiles) character file.

Game seed: 10127979302108592505

136812 OdinFK the Imperceptible (level 16, 0/93 HPs)
             Began as a Vampire Artificer on Jan 19, 2021.
             Was the Champion of Dithmenos.
             Slain by a jumping spider (6 damage)
             ... on level 3 of the Spider Nest.
             The game lasted 03:22:52 (27711 turns).

OdinFK the Imperceptible (Vampire Artificer)       Turns: 27711, Time: 03:22:52

Health: 0/93       AC: 14    Str: 12      XL:     16   Next: 67%
Magic:  19/19      EV: 14    Int: 12 (13) God:    Dithmenos [******]
Gold:   2541       SH:  0    Dex: 27      Spells: 0/17 levels left

rFire    + . .     SeeInvis +   a - +1 dagger (venom)
rCold    + + +     Faith    .   H - +0 buckler
rNeg     + + +     Spirit   .   V - +2 robe {rC+ rF+}
rPois    ∞         Reflect  .   W - +0 helmet
rElec    .         Harm     .   n - +0 cloak
rCorr    .         Rampage  .   F - +0 pair of gloves
Will     +....                  g - +2 pair of boots Stlth ##********
                                j - amulet of regeneration
HPRegen  0.00/turn              I - +6 ring of dexterity
MPRegen  0.16/turn              o - +4 ring of protection

@: held, bloodless, wreathed by umbra
A: fangs 3, see invisible, unbreathing, no potion heal 1
a: Bat Form, Revivify, Renounce Religion, Shadow Step, Shadow Form


You were on level 3 of the Spider Nest.
You worshipped Dithmenos.
Dithmenos was exalted by your worship.
You visited 5 branches of the dungeon, and saw 27 of its levels.
You also visited: Ossuary, Bailey, Gauntlet and Volcano.

You collected 2629 gold pieces.
You spent 88 gold pieces at shops.

Inventory:

Hand Weapons
 a - a +1 dagger of venom (weapon)
 b - a +7 short sword of flaming
Missiles
 s - 4 atropa-tipped darts
 v - 8 curare-tipped darts
 G - 53 poisoned darts (quivered)
 O - 9 boomerangs of dispersal
Armour
 g - a +2 pair of boots (worn)
 n - a +0 cloak (worn)
 F - a +0 pair of gloves (worn)
 H - a +0 buckler (worn)
 V - a +2 robe of resistance (worn)
 W - a +0 helmet (worn)
Jewellery
 j - an amulet of regeneration (around neck)
 o - a +4 ring of protection (right hand)
 z - the ring "Icriet" {+Inv Will+ Int-4 Dex+4}
   (You found it on level 12 of the Dungeon)

   [ring of willpower]

   It affects your intelligence (-4).
   It affects your dexterity (+4).
   It affects your willpower, your defense against some magical effects.
   It lets you turn invisible.
 I - a +6 ring of dexterity (left hand)
 M - an uncursed ring of resist corrosion
 N - an uncursed ring of protection from cold
Wands
 d - a wand of enslavement (11)
 A - a wand of flame (16)
 D - a wand of digging (10)
Scrolls
 f - a scroll of fear
 i - 2 scrolls of identify
 l - a scroll of torment {unknown}
 q - 5 scrolls of immolation
 r - 2 scrolls of magic mapping
 t - 12 scrolls of teleportation
 u - 9 scrolls of remove curse
 w - a scroll of summoning {unknown}
 x - 5 scrolls of blinking
 y - a scroll of amnesia
 C - 3 scrolls of enchant armour
 P - a scroll of vulnerability
 Z - 2 scrolls of silence
Potions
 c - 8 potions of curing
 h - 4 potions of haste
 k - a potion of brilliance
 m - 5 potions of might
 p - 2 potions of invisibility
 B - 2 potions of mutation
 E - a potion of degeneration {unknown}
 K - 15 potions of ambrosia {unknown}
 L - a potion of flight
 Q - a potion of cancellation
 R - a potion of attraction {unknown}
 S - a potion of resistance {unknown}
 X - 5 potions of lignification
Miscellaneous
 e - a condenser vane (inert)
 U - a lightning rod (4/4)
 Y - a phantom mirror


   Skills:
 + Level 8.1 Fighting
 - Level 12.0 Short Blades
 - Level 2.0 Armour
 + Level 14.0 Dodging
 + Level 24.0 Stealth
 + Level 5.2 Shields
 - Level 1.0 Spellcasting
 + Level 15.1 Hexes
 - Level 4.0 Ice Magic
 - Level 2.0 Air Magic
 + Level 4.2 Invocations
 + Level 8.1 Evocations


You couldn't memorise any spells.
You knew the following spells:

 Your Spells              Type           Power        Failure   Level
a - Ensorcelled Hibernat  Hex/Ice        46%          1%          2
b - Slow                  Hex            37%          1%          2
c - Corona                Hex            41%          1%          1
d - Tukima's Dance        Hex            37%          1%          3
e - Cause Fear            Hex            18%          1%          4
f - Silence               Hex/Air        10%          24%         5

Your spell library contained the following spells:

 Spells                   Type           Power        Failure   Level
 Confusing Touch          Hex            37%          1%          3
 Dazzling Flash           Conj/Hex       36%          4%          3
 Shock                    Conj/Air       12%          21%         1
 Swiftness                Air            5%           21%         2
 Beastly Appendage        Tmut           0%           30%         1
 Magic Dart               Conj           0%           30%         1
 Sandblast                Erth           0%           30%         1
 Poisonous Vapours        Pois/Air       6%           30%         2
 Yara's Violent Unravell  Hex/Tmut       9%           36%         5
 Blink                    Tloc           N/A          41%         2
 Call Imp                 Summ           0%           41%         2
 Passwall                 Tmut/Erth      0%           41%         2
 Wereblood                Tmut           0%           41%         2
 Static Discharge         Conj/Air       3%           52%         3
 Mephitic Cloud           Conj/Pois/Air  2%           56%         3
 Conjure Flame            Conj/Fire      0%           65%         3
 Spider Form              Tmut/Pois      0%           65%         3
 Stone Arrow              Conj/Erth      0%           65%         3
 Airstrike                Air            2%           78%         4
 Ice Form                 Ice/Tmut       5%           78%         4
 Petrify                  Tmut/Erth      0%           96%         4
 Discord                  Hex            18%          98%         8
 Lightning Bolt           Conj/Air       1%           99%         5
 Blade Hands              Tmut           0%           100%        5
 Bolt of Magma            Conj/Fire/Erth 0%           100%        5
 Iskenderun's Battlesphe  Conj           0%           100%        5
 Lee's Rapid Deconstruct  Erth           0%           100%        5
 Freezing Cloud           Conj/Ice/Air   2%           100%        6
 Iron Shot                Conj/Erth      0%           100%        6
 Orb of Destruction       Conj           0%           100%        7
 Spellforged Servitor     Conj/Summ      0%           100%        7
 Ignition                 Fire           0%           100%        8
 Shatter                  Erth           0%           100%        9
 Tornado                  Air            2%           100%        9


Dungeon Overview and Level Annotations

Branches:
Dungeon (15/15)            Temple (1/1) D:5            Lair (6/6) D:11
  Swamp (1/4) Lair:3       Spider (4/4) Lair:3        Slime (0/5) Lair:6
    Orc (0/2) D:11         Vaults (0/5) D:13         Depths (0/5) D:15
Ossuary (visited)          Bailey (visited)         Volcano (visited)
Gauntlet (visited)

Altars:
Ashenzari
Cheibriados
Dithmenos
Elyvilon
Fedhas
Gozag
Hepliaklqana
Kikubaaqudgha
Makhleb
Nemelex Xobeh
Okawaru
Qazlal
Ru
Sif Muna
Trog
Uskayaw
Vehumet
Wu Jian
Xom
Yredelemnul
Zin
The Shining One
Jiyva

Shops:
D:5 }

Annotations:
D:4 Dowan, Duvessa
D:7 Menkaure
Lair:5 exclusion: downstairs
Spider:1 Jorgrun


Innate Abilities, Weirdness & Mutations

You do not regenerate when monsters are visible.
You are frail without blood (-20% HP).
You can heal yourself when you bite living creatures.
You are immune to poison.
You have razor-sharp teeth.
You have supernaturally acute eyesight. (SInv)
You can survive without breathing.
Potions are less effective at restoring your health.


Message History

You hit the jumping spider but do no damage.
The jumping spider is moderately wounded.
Your shadow hits the jumping spider but does no damage.
You hear an angry hiss.
You block the jumping spider's attack. The jumping spider misses you.
You barely miss the jumping spider.
The jumping spider is moderately wounded.
The jumping spider misses you.
The jumping spider completely misses you.
You closely miss the jumping spider.
The jumping spider is moderately wounded.
You block the jumping spider's attack. The jumping spider misses you.
You hit the jumping spider but do no damage.
The jumping spider is poisoned.
The jumping spider is moderately wounded.
Your shadow hits the jumping spider with a dagger.
The jumping spider pounces on you!
* * * LOW HITPOINT WARNING * * *
You are caught in a web!
The jumping spider bites you.
You die...

..##.##......#≈.≈##
...[..#......##.##
....°........#..###
.###....#.#.....#^##
.....^....#...#....#
.#..[......#..#...##
##..#..#....#..#..#
.#^...s§§#§###^§§§#
.[.....#.§§# ###@§#
.s#....#.§.###§§s§##
^.#....##..†.##§§§§#
#ss...#.##.##§§§§§##
...^#.#..#####§s§#^#
###.#.....#^.##§§§##
#......#.#...###..#
#######.##.#...#...#
..##...^.#......^.##


You could see a jumping spider (very poisoned).

Vanquished Creatures
  Mara (Spider:3)
  Agnes (Spider:1)
  4 ghost moths
  An emperor scorpion (Spider:3)
  Nessos (D:12)
  4 entropy weavers
  Harold (D:7)
  11 hydras
  3 boulder beetles
  A centaur warrior (D:13)
  2 ogre magi
  7 two-headed ogres
  A queen ant (Lair:4)
  3 death yaks (Lair:5)
  A vampire mage (D:15)
  2 skeletal warriors (D:15)
  An unseen horror (D:15)
  3 bog bodies (Lair:3)
  3 deep elf magi (D:13)
  A necromancer (D:15)
  A deep elf archer (D:13)
  3 cyclopes
  An orc knight (D:13)
  30 wolf spiders
  12 orb spiders
  3 salamanders (Volcano)
  An ugly thing (D:13)
  A moth of wrath (Lair:6)
  A manticore (D:11)
  Joseph (D:8)
  A frost giant skeleton (D:15)
  7 black mambas
  5 elephants (Lair:6)
  14 cane toads
  A torpor snail (Spider:2)
  4 rime drakes
  10 demonic crawlers
  3 yaktaurs (D:13)
  A rime drake (shapeshifter) (D:14)
  8 komodo dragons
  A spriggan skeleton (D:15)
  A harpy zombie (D:15)
  A meliai (shapeshifter) (D:14)
  31 jumping spiders
  A queen bee (Lair:5)
  5 trolls
  A wolf spider simulacrum (D:14)
  4 polar bears
  3 meliai (Lair:5)
  6 hornets
  6 slime creatures (D:14)
  A spriggan zombie (D:15)
  3 dream sheep (Lair:6)
  14 blink frogs
  An ice dragon zombie (D:15)
  12 spriggans
  2 shadows
  54 redbacks
  A wraith (D:13)
  2 vampires
  4 fire bats
  21 tarantellas
  4 wyverns
  5 basilisks
  45 yaks
  2 vampire mosquitoes (D:15)
  5 swamp worms
  24 soldier ants (Lair:4)
  2 hell hounds (Volcano)
  17 water moccasins
  2 acid dragons
  2 sky beasts
  26 orc warriors
  3 black bears (Lair:6)
  5 phantoms
  6 ice beasts
  4 boggarts (Lair:6)
  9 ogres
  A necrophage (D:14)
  2 eyes of draining (D:11)
  30 wolves
  6 centaurs
  25 bullfrogs
  A big kobold (D:9)
  2 gnoll sergeants
  2 scorpions (D:12)
  2 wyvern skeletons
  33 killer bees
  5 wights (D:11)
  4 electric eels (Lair:3)
  2 howler monkeys
  2 centaur zombies
  A quasit (D:6)
  2 jellies
  8 hounds
  12 orc priests
  5 centaur skeletons
  3 bullfrog skeletons
  7 iguanas
  9 orc wizards
  26 worker ants
  A big kobold zombie (Ossuary)
  A hound zombie (D:8)
  3 mummies (Ossuary)
  2 worker ant zombies
  12 gnolls
  18 adders
  4 shadow imps
  5 white imps
  4 ufetubi
  An adder zombie (D:5)
  2 adder skeletons
  3 dart slugs
  8 leopard geckos
  43 orcs
  3 giant cockroaches
  10 goblins
  9 hobgoblins
  5 jackals (D:3)
  4 quokkas
  A ball python (D:3)
  A ball python skeleton (D:5)
  10 bats
  6 frilled lizards
  4 goblin zombies (Ossuary)
  2 hobgoblin zombies (Ossuary)
  26 kobolds
  2 kobold zombies (Ossuary)
  A leopard gecko skeleton (D:2)
  2 leopard gecko zombies
  2 rats (D:1)
881 creatures vanquished.

Vanquished Creatures (others)
  2 two-headed ogres
  A polar bear (Lair:6)
  A wolf (Lair:6)
  A centaur (Volcano)
  2 bushes
  54 fungi
  82 plants
  A withered plant (D:15)
144 creatures vanquished.

Grand Total: 1025 creatures vanquished

Notes
Turn   | Place    | Note
-------+----------+-------------------------------------------
     0 | D:1      | OdinFK the Vampire Artificer began the quest for the Orb.
     0 | D:1      | Reached XP level 1. HP: 14/14 MP: 1/1
   160 | D:1      | Reached skill level 1 in Fighting
   234 | D:1      | Reached skill level 1 in Armour
   234 | D:1      | Reached skill level 2 in Stealth
   377 | D:1      | Reached XP level 2. HP: 21/21 MP: 2/2
   532 | D:1      | Reached skill level 3 in Stealth
   898 | D:2      | Found a transporter.
   987 | D:2      | Reached XP level 3. HP: 26/26 MP: 3/3
  1161 | D:2      | Learned a level 2 spell: Ensorcelled Hibernation
  1210 | D:2      | Found a transporter.
  1215 | D:2      | Noticed an orc warrior
  1217 | D:2      | Found a shadowy altar of Dithmenos.
  1323 | D:2      | Reached skill level 1 in Short Blades
  1332 | D:2      | Reached skill level 1 in Hexes
  1705 | D:3      | Reached skill level 4 in Stealth
  1705 | D:3      | Reached XP level 4. HP: 25/25 MP: 4/4
  2101 | D:3      | Reached XP level 5. HP: 23/29 MP: 5/5
  2387 | D:4      | Noticed a phantom
  2550 | D:3      | Found a shimmering altar of Xom.
  2586 | D:4      | Noticed Duvessa
  2593 | D:4      | Noticed Dowan
  2792 | D:4      | Reached XP level 6. HP: 35/35 MP: 6/6
  2968 | D:4      | Reached skill level 5 in Stealth
  3149 | D:4      | Found a broken altar of Ashenzari.
  3149 | D:4      | Found a white marble altar of Elyvilon.
  3151 | D:4      | Found a shimmering altar of Xom.
  3521 | D:5      | Entered Level 5 of the Dungeon
  3628 | D:5      | Found Gytilali's Gadget Shoppe.
  3644 | D:5      | Bought a wand of iceblast (4) for 88 gold pieces
  3970 | D:5      | Found a staircase to the Ecumenical Temple.
  3976 | Temple   | Entered the Ecumenical Temple
  4231 | D:6      | Learned a level 2 spell: Slow
  4233 | D:6      | Learned a level 1 spell: Corona
  4239 | D:6      | Reached XP level 7. HP: 35/35 MP: 7/7
  4359 | D:6      | Found a sand-covered staircase.
  4395 | Ossuary  | Entered an ossuary
  4395 | Ossuary  | Noticed a wraith
  4395 | Ossuary  | Noticed a wraith
  4395 | Ossuary  | Noticed a wraith
  4450 | Ossuary  | Reached skill level 1 in Ice Magic
  4627 | Ossuary  | Noticed a wraith
  4692 | Ossuary  | Reached skill level 6 in Stealth
  4785 | D:6      | Reached skill level 1 in Shields
  4785 | D:6      | Reached skill level 5 in Hexes
  5165 | D:6      | Reached skill level 7 in Stealth
  5215 | D:6      | Reached XP level 8. HP: 28/28 MP: 8/8
  5765 | D:7      | Noticed Menkaure
  6148 | D:7      | Got a spiked ring mail
  6427 | D:8      | Noticed a two-headed ogre
  6503 | D:8      | Reached skill level 8 in Stealth
  6522 | D:8      | Reached skill level 5 in Dodging
  6549 | D:8      | Reached skill level 5 in Short Blades
  6646 | D:8      | Got a smoking mace
  6664 | D:8      | Noticed a hornet
  6666 | D:8      | Noticed Harold
  6678 | D:8      | Killed a hornet
  6679 | D:8      | Reached XP level 9. HP: 44/44 MP: 9/9
  6791 | D:8      | Noticed Joseph
  6865 | D:8      | Found an opulent altar of Gozag.
  6962 | D:8      | Killed Joseph
  6963 | D:8      | Reached skill level 9 in Stealth
  7096 | D:8      | Reached skill level 10 in Stealth
  7255 | D:8      | Found a blossoming altar of Fedhas.
  7359 | D:7      | Killed Harold
  7360 | D:7      | Reached skill level 1 in Spellcasting
  7727 | D:8      | Got a masterwork trident
  7930 | D:9      | Reached XP level 10. HP: 56/56 MP: 11/11
  7967 | D:9      | Noticed a boulder beetle
  8239 | D:9      | Found a bloodstained altar of Trog.
  8839 | D:2      | Became a worshipper of Dithmenos the Shadowed
  9101 | D:5      | Identified the +0 ring mail of the Boiling Point {*Corrode
                  | Str+7} (You found it on level 7 of the Dungeon)
  9101 | D:5      | Identified the +5 mace "Leviticus" {antimagic, Str+8 Int+4
                  | Dex-5} (You found it on level 8 of the Dungeon)
  9102 | D:5      | Identified the +3 trident "Dabisip" {pain, rN+} (You found
                  | it on level 8 of the Dungeon)
  9257 | D:10     | Entered Level 10 of the Dungeon
  9693 | D:10     | Reached skill level 11 in Stealth
  9693 | D:10     | Reached skill level 5 in Evocations
  9810 | D:10     | Reached * piety under Dithmenos
 10158 | D:11     | Noticed a manticore
 10167 | D:11     | Killed a manticore
 10240 | D:11     | Found a staircase to the Orcish Mines.
 10372 | D:11     | Noticed a cyclops
 10679 | D:11     | Reached skill level 12 in Stealth
 10750 | D:11     | Identified the cursed +0 robe "Ipif" {Harm Stlth+}
 10967 | D:11     | Found a staircase to the Lair.
 11027 | D:11     | Noticed a two-headed ogre
 11087 | D:11     | Killed a two-headed ogre
 11088 | D:11     | Reached skill level 13 in Stealth
 11088 | D:11     | Reached XP level 11. HP: 61/61 MP: 2/12
 11288 | D:11     | Noticed a two-headed ogre
 11379 | D:11     | Reached ** piety under Dithmenos
 11501 | D:11     | Noticed a boulder beetle
 11635 | Lair:1   | Entered Level 1 of the Lair of Beasts
 11948 | Lair:1   | Reached skill level 5 in Fighting
 12083 | Lair:1   | Reached skill level 14 in Stealth
 12744 | Lair:2   | Reached skill level 10 in Short Blades
 12744 | Lair:2   | Reached skill level 15 in Stealth
 12760 | Lair:2   | Noticed a five-headed hydra
 12766 | Lair:2   | Killed a five-headed hydra
 12846 | Lair:2   | Found a gate leading to a gauntlet.
 12859 | Gauntlet | Entered a Gauntlet
 12859 | Gauntlet | Found a transporter.
 12864 | Gauntlet | Found a transporter.
 12868 | Gauntlet | Found a transporter.
 12872 | Gauntlet | Found a runed translucent door.
 12872 | Gauntlet | Found a runed translucent door.
 12876 | Gauntlet | Found a transporter.
 12880 | Gauntlet | Found a transporter.
 12892 | Gauntlet | Found a transporter.
 12892 | Gauntlet | Found a transporter.
 12898 | Gauntlet | Noticed a wizard
 12899 | Gauntlet | Noticed a wizard
 12900 | Gauntlet | Found a transporter.
 12904 | Gauntlet | Found a transporter.
 12907 | Gauntlet | Noticed a death scarab
 12910 | Gauntlet | Noticed a death scarab
 12913 | Gauntlet | Found a transporter.
 12933 | Gauntlet | Found a transporter.
 12945 | Gauntlet | Found a transporter.
 12949 | Gauntlet | Found a runed translucent door.
 12957 | Gauntlet | Found a transporter.
 12969 | Gauntlet | Found a transporter.
 13033 | Lair:2   | Reached XP level 12. HP: 55/68 MP: 13/13
 13090 | Lair:2   | Reached skill level 1 in Invocations
 13132 | Lair:2   | Noticed a death yak
 13134 | Lair:2   | Noticed a death yak
 13134 | Lair:2   | Noticed a death yak
 13361 | Lair:2   | Noticed a boulder beetle
 13369 | Lair:2   | Killed a boulder beetle
 13387 | Lair:2   | Reached *** piety under Dithmenos
 13891 | Lair:3   | Noticed a seven-headed hydra
 13898 | Lair:3   | Killed a seven-headed hydra
 13899 | Lair:3   | Reached skill level 10 in Hexes
 14031 | Lair:3   | Found a hole to the Spider Nest.
 14265 | Lair:3   | Learned a level 3 spell: Tukima's Dance
 14533 | Lair:3   | Reached skill level 16 in Stealth
 14534 | Lair:3   | Reached **** piety under Dithmenos
 14539 | Lair:3   | Found a staircase to the Swamp.
 14634 | Lair:4   | Noticed a boulder beetle
 14641 | Lair:4   | Killed a boulder beetle
 14777 | Lair:4   | Reached XP level 13. HP: 74/74 MP: 14/14
 15079 | Lair:4   | Reached skill level 17 in Stealth
 15163 | Lair:4   | Noticed an entropy weaver
 15164 | Lair:4   | Noticed an entropy weaver
 15337 | Lair:5   | Reached ***** piety under Dithmenos
 15343 | Lair:5   | You fall into a shaft and drop 1 floor!
 15343 | Lair:6   | Entered Level 6 of the Lair of Beasts
 15343 | Lair:6   | Found a staircase to the Slime Pits.
 15343 | Lair:6   | Found a viscous altar of Jiyva.
 15638 | Lair:6   | Found a dark tunnel.
 15652 | Volcano  | Entered a volcano
 15706 | Volcano  | Reached skill level 10 in Dodging
 16708 | Lair:5   | Reached skill level 18 in Stealth
 17180 | Lair:6   | Found a sparkling altar of Nemelex Xobeh.
 17261 | Lair:6   | Reached XP level 14. HP: 69/82 MP: 15/15
 18070 | Lair:5   | Reached skill level 19 in Stealth
 18647 | Lair:6   | Reached skill level 20 in Stealth
 18672 | Lair:6   | Reached ****** piety under Dithmenos
 19637 | Spider:1 | Entered Level 1 of the Spider Nest
 19716 | Spider:1 | Noticed Jorgrun
 19919 | Swamp:1  | Entered Level 1 of the Swamp
 20226 | D:12     | Noticed Nessos
 20313 | D:12     | Got a smoking iron ring
 20315 | D:12     | Identified the ring "Icriet" {+Inv Will+ Int-4 Dex+4} (You
                  | found it on level 12 of the Dungeon)
 20406 | D:12     | Got a dazzling rapier
 20407 | D:12     | Identified the +4 rapier of Tortured Tortfeasance {speed,
                  | *Contam +Rage Stlth+} (You found it on level 12 of the
                  | Dungeon)
 20420 | D:12     | Gained mutation: Potions are less effective at restoring
                  | your health. [mutagenic glow]
 20568 | D:12     | Killed Nessos
 20845 | D:13     | Reached skill level 5 in Shields
 21613 | D:13     | Found a gate to the Vaults.
 21638 | D:13     | Reached XP level 15. HP: 88/88 MP: 17/17
 21775 | D:13     | You fall into a shaft and drop 1 floor!
 21808 | D:14     | Found a flagged portal.
 21895 | Bailey   | Entered a bailey
 22446 | D:14     | Found a bloodstained altar of Trog.
 22926 | D:15     | Entered Level 15 of the Dungeon
 22978 | D:15     | Found a staircase to the Depths.
 23031 | D:15     | Found a shadowy altar of Dithmenos.
 23384 | D:15     | Reached skill level 21 in Stealth
 24017 | Spider:1 | Noticed Agnes
 24237 | Spider:1 | Killed Agnes
 24488 | Spider:1 | Reached skill level 22 in Stealth
 25668 | Spider:2 | You fall into a shaft and drop 1 floor!
 25674 | Spider:3 | Reached XP level 16. HP: 86/93 MP: 14/19
 25698 | Spider:2 | Learned a level 4 spell: Cause Fear
 26193 | Spider:3 | Noticed Mara
 26197 | Spider:3 | Killed Mara
 26198 | Spider:3 | Reached skill level 15 in Hexes
 26368 | Spider:4 | Entered Level 4 of the Spider Nest
 26374 | Spider:4 | Reached skill level 23 in Stealth
 26926 | Spider:4 | Learned a level 5 spell: Silence
 27066 | Spider:4 | Reached skill level 1 in Air Magic
 27151 | Spider:4 | Reached skill level 24 in Stealth
 27711 | Spider:3 | Slain by a jumping spider

Illustrated notes

Levels and vault maps discovered:
D:1:      denvon_arrival_waterhouse, layout_basic
D:2:      layout_basic, gammafunk_temple_overflow_arena,
          corexii_item_surrounded_by_moat, hangedman_decor_points
D:3:      lemuel_upstairs_altar, layout_loops_corners, kennysheep_generic_room_2
D:4:      layout_loops_cross, gammafunk_temple_overflow_forgotten, uniq_duvessa
D:5:      layout_basic, minmay_temple_entry_purple_smoke, serial_shops, shop
D:6:      layout_gridville, nicolae_ossuary_entry_ruins, serial_park_tiny_pond
D:7:      layout_loops_cross, uniq_menkaure
D:8:      layout_basic, kennysheep_mini, grunt_gozag_statues, sigmund_army,
          uniq_harold, uniq_joseph
D:9:      layout_gridville, trog_butcher_becter
D:10:     layout_stronghold, kennysheep_small_circle
D:11:     cheibrodos_barr_body, layout_loops_corners, david_lair_shrubbed
D:12:     layout_basic, uniq_nessos
D:13:     layout_roguey [special_room_orc],
          hangedman_vaults_entry_quadrant_bands
D:14:     layout_irregular_city, serial_park_tiny_1, basic_altar,
          enter_bailey_8, minmay_microvault
D:15:     gammafunk_depths_entry_grave, layout_basic, corexii_leaking_fountain,
          nicolae_dithmenos_shadow_blocks
Temple:   eino_temple_rhombus
Lair:1:   layout_cave_pods, lemuel_fruit_tree, grunt_megastairs_2
Lair:2:   layout_small_grid, gauntlet_entry_generic, grunt_megastairs_1
Lair:3:   layout_regular_city, nicolae_swamp_entry_splash_gauntlet,
          nicolae_spider_entry_tight_spaces, nicolae_quartered_pool_medium,
          st_stairs_6, infiniplex_staircase_pool_2, serial_bayou_shore_b
Lair:4:   layout_loops_ring, minivault_29
Lair:5:   layout_roguey [special_room_bee]
Lair:6:   minmay_lair_end_enchanted_forest, layout_hall_layers, slime_altar_1,
          nicolae_volcano_entry_batcave, basic_altar, serial_bayou_pond_b,
          chequers_serial_rivers_marsh, worms_lemuel
Swamp:1:  layout_falls_marsh, evilmike_swamp_ruin_house_2, swamp_pool3,
          infiniplex_staircase_pool
Spider:1: layout_spider_delve, uniq_agnes, uniq_jorgrun
Spider:2: layout_spider_delve
Spider:3: layout_spider_delve, uniq_mara
Spider:4: grunt_spider_rune_island

Skill      XL: |  1  2  3  4  5  6  7  8  9 10 11 12 13 14 15 16 |
---------------+-------------------------------------------------+-----
Fighting       | 1 2 3 4 5 6 7 8 |  8.1
Armour         | 1 2 |  2.0
Stealth        | 2 3 4 5 7 8 10 13 15 16 18 20 22 24 | 24.0
Evocations     | 3 4 5 6 7 8 |  8.1
Short Blades   | 1 2 3 4 5 6 8 10 11 12 | 12.0
Hexes          | 1 3 4 5 6 8 9 10 12 13 14 15 | 15.1
Dodging        | 3 4 5 6 7 8 9 10 11 13 14 | 14.0
Ice Magic      | 1 2 3 4 |  4.0
Shields        | 2 3 4 5 |  5.2
Spellcasting   | 1 |  1.0
Invocations    | 1 2 3 4 |  4.2
Air Magic      | 2 |  2.0

Action                   |  1- 3 |  4- 6 |  7- 9 | 10-12 | 13-15 | 16-18 || total
-------------------------+-------+-------+-------+-------+-------+-------++-------
Melee: Club              |    56 |       |       |       |       |       ||    56
       Bite              |    12 |    20 |    54 |   168 |   338 |    68 ||   660
       Short sword       |    99 |   162 |   164 |     8 |   501 |   210 ||  1144
       Dagger            |       |       |   245 |   968 |  1331 |   159 ||  2703
Throw: Dart              |       |    11 |    29 |    12 |    39 |     2 ||    93
 Cast: Ensorcelled Hiber |       |     2 |     3 |    23 |    27 |     2 ||    57
       Slow              |       |       |    13 |     6 |     4 |       ||    23
       Corona            |       |       |     1 |     1 |       |       ||     2
       Cause Fear        |       |       |       |       |       |     4 ||     4
Invok: Shadow Step       |       |       |       |       |     4 |     2 ||     6
 Abil: Exsanguinate      |     1 |     1 |     4 |     2 |       |       ||     8
       Bat Form          |       |     2 |       |       |       |       ||     2
       End Transformatio |       |     1 |       |       |       |       ||     1
       Stop Flying       |       |     1 |       |       |       |       ||     1
       Revivify          |       |     1 |     4 |     3 |       |       ||     8
Evoke: Wand              |     1 |     7 |    22 |     1 |     7 |       ||    38
       Condenser vane    |       |       |       |     1 |     4 |     1 ||     6
       Lightning rod     |       |       |       |       |     2 |       ||     2
       Phantom mirror    |       |       |       |       |     1 |       ||     1
  Use: Scroll            |       |     5 |    10 |     7 |    26 |     4 ||    52
       Potion            |       |       |     1 |       |    14 |     1 ||    16
 Stab: Sleeping          |     5 |    15 |    29 |    85 |   140 |    37 ||   311
       Distracted        |       |     1 |     2 |     7 |    18 |     2 ||    30
       Invisible         |       |       |       |       |     3 |       ||     3
       Held in net/web   |       |       |       |       |       |     1 ||     1
Armor: Leather armour    |    47 |    26 |    66 |     4 |       |       ||   143
       Robe              |       |       |       |    98 |   243 |    63 ||   404
Dodge: Dodged            |   118 |    92 |   174 |   503 |  1529 |   390 ||  2806
Block: Buckler           |       |     2 |    75 |   187 |   508 |   129 ||   901
